[Event "Early-Titled-Tuesday-Blitz-March-05-2024"]
[Site "Chess.com"]
[Date "2024.03.05"]
[Round "8"]
[White "pr1105"]
[Black "toninhojit"]
[Result "0-1"]
[WhiteElo "2356"]
[BlackElo "2500"]
[TimeControl "180+1"]
[EndTime "9:27:50 PST"]
[Termination "toninhojit won by resignation"]

1. e4 e5 2. Nf3 Nc6 3. Bb5 Nf6 4.
d3 Bc5 5. Bxc6 dxc6 6. Nbd2 Bd6 7.
O-O Qe7 8. b3 Nh5 9. Nc4 g6 10.
Bh6 Bg4 11. h3 Bd7 12. c3 O-O-O 13. d4 f6 14. Re1 Be6 15. Qe2 g5 16. dxe5 Nf4 17.
Qf1 Bc5 18. exf6 Qxf6 19. Bxg5 Nxh3+ 20. Kh2 Nxg5 0-1

[Event "Early-Titled-Tuesday-Blitz-March-05-2024"]
[Site "Chess.com"]
[Date "2024.03.05"]
[Round "8"]
[White "nicolasbatista3"]
[Black "wannabe2700"]
[Result "0-1"]
[WhiteElo "2497"]
[BlackElo "2779"]
[TimeControl "180+1"]
[EndTime "9:27:59 PST"]
[Termination "wannabe2700 won by resignation"]

1. d4 f5 2. c4 Nf6 3. Nc3 g6 4. Bf4 d6 5. e3 Nc6 6. Nf3 Bg7 7. Bd3 O-O 8. h4 Re8 9. d5 e5 10. Bg5 Nb4 11. Be2 Bd7 12. h5 h6 13. Bxf6 Qxf6 14. hxg6 e4 15. Nd4 f4 16. O-O fxe3 17.
fxe3 Qg5 18. Qc1 Be5 19. Nxe4 Qh4 20. Nf6+ Bxf6 21. Qe1 Qxe1 22. Raxe1 Bxd4 23. exd4 Nc2 24. Rf7 Nxe1 25. Rxd7 Rxe2 0-1

[Event "Early-Titled-Tuesday-Blitz-March-05-2024"]
[Site "Chess.com"]
[Date "2024.03.05"]
[Round "8"]
[White "ljuks68"]
[Black "andrzej"]
[Result "1-0"]
[WhiteElo "2418"]
[BlackElo "2522"]
[TimeControl "180+1"]
[EndTime "9:28:00 PST"]
[Termination "ljuks68 won by resignation"]

1. e4 e5 2. Nf3 Nf6 3. Nxe5 d6 4.
Nf3 Nxe4 5. d3 Nf6 6. d4 g6 7.
c4 Bg7 8. Be2 O-O 9. h3 c5 10.
d5 Ne4 11. O-O Re8 12. Nbd2 Bf5 13. Nxe4 Bxe4 14. Qb3 Qc7 15. Bf4 Bxd5 16. cxd5 Rxe2 17. Bxd6 Qb6 18. Bxc5 Qxb3 19. axb3 Nd7 20. Rxa7 Rxa7 21. Bxa7 Rxb2 22. Rc1 h6 23. Rc8+ Kh7 24. Rc7 Ne5 25. Rxb7 Nd3 26. Rxf7 Kg8 27. Rxg7+ Kxg7 28. Bd4+ 1-0

[Event "Early-Titled-Tuesday-Blitz-March-05-2024"]
[Site "Chess.com"]
[Date "2024.03.05"]
[Round "8"]
[White "AsaHoffmann"]
[Black "PawnEatingZombie"]
[Result "1-0"]
[WhiteElo "2412"]
[BlackElo "2196"]
[TimeControl "180+1"]
[EndTime "9:28:03 PST"]
[Termination "AsaHoffmann won on time"]

1. d4 Nf6 2. Bg5 d5 3. Nd2 c5 4. e3 Nc6 5. c3 e6 6. f4 Bd6 7.
Bd3 h6 8. Bh4 cxd4 9. cxd4 Nb4 10. Bb1 b6 11. a3 Nc6 12. Ngf3 Bd7 13. O-O O-O 14. Ne5 Be8 15. Qf3 Be7 16. Bd3 Rc8 17.
Rac1 Nxe5 18. fxe5 Rxc1 19. Rxc1 Ne4 20. Bxe7 Qxe7 21.
Nxe4 dxe4 22. Qxe4 g6 23. Rf1 Ba4 24. Rf6 Rc8 25. h3 Bc6 26. Qf4 Kg7 27. Qg4 Be8 28. h4 1-0

[Event "Early-Titled-Tuesday-Blitz-March-05-2024"]
[Site "Chess.com"]
[Date "2024.03.05"]
[Round "8"]
[White "diamonds13"]
[Black "Dale"]
[Result "1-0"]
[WhiteElo "2345"]
[BlackElo "2105"]
[TimeControl "180+1"]
[EndTime "9:28:03 PST"]
[Termination "diamonds13 won by checkmate"]

1. d4 Nf6 2. c4 g6 3. Nc3 a6 4. e4 d6 5. h4 Nc6 6. Be2 e5 7. dxe5 dxe5 8. Qxd8+ Nxd8 9. Bg5 Nd7 10. Nd5 Ne6 11.
Bg4 c6 12. Bxe6 cxd5 13. Bxd5 a5 14. O-O-O a4 15. Nf3 a3 16. b3 Bc5 17. Bh6 Bxf2 18. Ng5 Be3+ 19. Kb1 Bxg5 20. hxg5 Nc5 21. Bg7 Rg8 22.
Bxe5 Be6 23. Bf6 Bxd5 24. Rxd5 Ne6 25. Rhd1 Rc8 26. Rd7 Rb8 27. c5 Rc8 28. Rxb7 Nxc5 29.
Rc7 Rb8 30. Rxc5 h5 31. Rcd5 Rxb3+ 32. axb3 Rg7 33. Rd8# 1-0

[Event "Early-Titled-Tuesday-Blitz-March-05-2024"]
[Site "Chess.com"]
[Date "2024.03.05"]
[Round "8"]
[White "LangesNasenhaar"]
[Black "Akylbek2021"]
[Result "0-1"]
[WhiteElo "2513"]
[BlackElo "2328"]
[TimeControl "180+1"]
[EndTime "9:28:04 PST"]
[Termination "Akylbek2021 won by resignation"]

1. d4 d6 2. Nf3 Nd7 3. g3 e5 4. Bg2 g6 5. b3 Bg7 6. Bb2 Ne7 7. O-O e4 8. Nfd2 f5 9. e3 O-O 10. c4 Nf6 11. b4 g5 12. Qb3 Be6 13.
d5 Bf7 14. Nc3 Ng6 15. Ne2 h5 16. Nd4 Qd7 17. f3 exf3 18. N2xf3 Ne4 19. Qd3 Rae8 20. Nd2 Ne5 21. Qe2 Nxd2 22. Nxf5 Ndxc4 23. Bd4 Bg6 24.
Nxg7 Qxg7 25. a4 Rxf1+ 26. Qxf1 Rf8 27. Qe2 g4 28. Rc1 Qh6 29. Rxc4 Bd3 30. Qd2 Bxc4 31.
e4 Qxd2 0-1

[Event "Early-Titled-Tuesday-Blitz-March-05-2024"]
[Site "Chess.com"]
[Date "2024.03.05"]
[Round "8"]
[White "UK_23"]
[Black "abelmat"]
[Result "1-0"]
[WhiteElo "2354"]
[BlackElo "2055"]
[TimeControl "180+1"]
[EndTime "9:28:10 PST"]
[Termination "UK_23 won by checkmate"]

1. c4 Nf6 2. Nc3 e6 3. e4 Bb4 4.
e5 Ng8 5. Qg4 Bf8 6. d4 h5 7. Qg3 h4 8. Qg4 Nh6 9. Bxh6 Rxh6 10.
Bd3 Nc6 11. Nge2 d6 12. f4 dxe5 13. fxe5 Bd7 14. a3 Qe7 15. O-O O-O-O 16. b4 f6 17. b5 Na5 18. Ne4 f5 19. Qf3 fxe4 20. Bxe4 g5 21. Rfb1 Bg7 22. c5 Rf8 23. Qc3 b6 24. c6 Be8 25. Nc1 Bg6 26. Bxg6 Rxg6 27. Nb3 Nxb3 28. Qxb3 g4 29. Qa4 Kd8 30. Qxa7 Qg5 31.
Qb8+ Ke7 32. Qxc7+ Ke8 33. Qd7# 1-0

[Event "Early-Titled-Tuesday-Blitz-March-05-2024"]
[Site "Chess.com"]
[Date "2024.03.05"]
[Round "8"]
[White "ChessLover0108"]
[Black "francyIM"]
[Result "1-0"]
[WhiteElo "2951"]
[BlackElo "2771"]
[TimeControl "180+1"]
[EndTime "9:28:13 PST"]
[Termination "ChessLover0108 won by resignation"]

1. c4 e5 2. g3 d5 3. Bg2 d4 4. d3 Nf6 5. Nf3 Nc6 6. Bg5 Bb4+ 7.
Nbd2 h6 8. Bxf6 Qxf6 9. a3 Be7 10. b4 Bf5 11. O-O O-O 12. c5 Qe6 13. Qc2 Nd8 14.
Rfe1 Bh7 15. e3 dxe3 16. Rxe3 f6 17. Qb2 Qd7 18. d4 exd4 19. Nxd4 f5 20. Nc4 Bf6 21. Ne5 Qc8 22. Rae1 c6 23. b5 cxb5 24. Nxb5 Kh8 25. Qd2 f4 26. gxf4 Bf5 27. Nd6 Qxc5 28. Nxf5 Ne6 29. Ng6+ Kg8 1-0

[Event "Early-Titled-Tuesday-Blitz-March-05-2024"]
[Site "Chess.com"]
[Date "2024.03.05"]
[Round "8"]
[White "KorolDimitriy75"]
[Black "rnanjo"]
[Result "0-1"]
[WhiteElo "2446"]
[BlackElo "2568"]
[TimeControl "180+1"]
[EndTime "9:28:17 PST"]
[Termination "rnanjo won on time"]

1. d4 g6 2. c4 Bg7 3. Nf3 d6 4. Nc3 Nc6 5. e3 e5 6. Be2 Bg4 7. d5 Nce7 8. e4 Bd7 9. O-O f5 10. Ne1 Nf6 11. f3 O-O 12. Nd3 c5 13. a3 a5 14. b3 f4 15. Bd2 g5 16. Nf2 h5 17. h3 Ng6 18. Rb1 Rf7 19. b4 axb4 20. a4 bxc3 0-1

[Event "Early-Titled-Tuesday-Blitz-March-05-2024"]
[Site "Chess.com"]
[Date "2024.03.05"]
[Round "8"]
[White "Christian_Jordan"]
[Black "yuriydovzik"]
[Result "1-0"]
[WhiteElo "2142"]
[BlackElo "2080"]
[TimeControl "180+1"]
[EndTime "9:28:19 PST"]
[Termination "Christian_Jordan won by resignation"]

1. e4 b6 2. d4 e6 3. Bd3 c5 4. c3 Bb7 5. Nf3 Nf6 6. Qe2 d5 7.
e5 Ne4 8. Nbd2 Nxd2 9. Bxd2 Nd7 10. O-O Be7 11. a3 O-O 12. Rfe1 a5 13. g3 Bc6 14. h4 Re8 15. Ng5 Nf8 16. Qh5 g6 17. Qh6 f6 18.
Nxh7 Nxh7 19. Qxg6+ Kf8 20. Qxh7 1-0

[Event "Early-Titled-Tuesday-Blitz-March-05-2024"]
[Site "Chess.com"]
[Date "2024.03.05"]
[Round "8"]
[White "Sebastian"]
[Black "Rud_2008"]
[Result "1-0"]
[WhiteElo "2921"]
[BlackElo "2726"]
[TimeControl "180+1"]
[EndTime "9:28:21 PST"]
[Termination "Sebastian won by checkmate"]

1. e4 e5 2. Nf3 Nc6 3. Bc4 Bc5 4.
c3 Nf6 5. d3 d6 6. O-O a5 7. Re1 O-O 8. h3 h6 9. Nbd2 Be6 10.
Bb5 Qb8 11. Bxc6 bxc6 12. d4 exd4 13. cxd4 Bb6 14. a4 Re8 15. Ra3 Qa7 16. Nf1 d5 17. Ng3 c5 18. e5 Nd7 19. Nh5 cxd4 20. Qd2 Nf8 21. Nxg7 Kxg7 22. Qxh6+ Kg8 23. Bg5 Bf5 24. Bf6 Ne6 25. Qh8# 1-0

[Event "Early-Titled-Tuesday-Blitz-March-05-2024"]
[Site "Chess.com"]
[Date "2024.03.05"]
[Round "8"]
[White "chucksterf10"]
[Black "PeshkaCh"]
[Result "0-1"]
[WhiteElo "2578"]
[BlackElo "2822"]
[TimeControl "180+1"]
[EndTime "9:28:21 PST"]
[Termination "PeshkaCh won by resignation"]

1. Nf3 Nf6 2. c4 c5 3. g3 g6 4. Bg2 Bg7 5. d4 cxd4 6. Nxd4 O-O 7. O-O Nc6 8. Nxc6 dxc6 9. Nc3 Qa5 10. Qb3 Nd7 11. Be3 Nc5 12. Qc2 Bf5 13. Qc1 Qb4 14. Bd2 Qxc4 15. e4 Be6 16. b3 Qd3 17. Rd1 Rad8 18.
Be1 Qa6 19. Bf1 b5 20. Qe3 Qb6 21. Rac1 Nd7 22. Qe2 Ne5 23. Bg2 Bg4 24. Rxd8 Bxe2 25. Rxf8+ Bxf8 26. Nxe2 Nd3 27. Rd1 Nxe1 28. Rxe1 e5 29.
Rc1 Bc5 30. Rf1 Qa5 31. Nc1 Qd2 32. h4 Ba3 0-1

[Event "Early-Titled-Tuesday-Blitz-March-05-2024"]
[Site "Chess.com"]
[Date "2024.03.05"]
[Round "8"]
[White "GoValya"]
[Black "maurovargas01"]
[Result "1-0"]
[WhiteElo "2235"]
[BlackElo "1840"]
[TimeControl "180+1"]
[EndTime "9:28:21 PST"]
[Termination "GoValya won on time"]

1. d4 d5 2. Nf3 e6 3. g3 f5 4. Bg2 Nf6 5. O-O Nbd7 6. c4 c6 7. b3 Ne4 8. Ba3 Bxa3 9. Nxa3 O-O 10. Nc2 Rf6 11. Rc1 Rh6 12. Ne5 Qe8 13. e3 g5 14. f3 Nef6 15. f4 g4 16. Rf2 Qh5 17. Bh1 Ne4 18. Bxe4 dxe4 19. d5 exd5 20. cxd5 1-0

[Event "Early-Titled-Tuesday-Blitz-March-05-2024"]
[Site "Chess.com"]
[Date "2024.03.05"]
[Round "8"]
[White "ajeale2"]
[Black "Mikasinski"]
[Result "0-1"]
[WhiteElo "2496"]
[BlackElo "2621"]
[TimeControl "180+1"]
[EndTime "9:28:22 PST"]
[Termination "Mikasinski won on time"]

1. d4 Nf6 2. Bf4 e6 3. e3 Be7 4. Nd2 O-O 5. Bd3 c5 6. Ngf3 b6 7. c3 Bb7 8. h3 d6 9. O-O Nbd7 10. a4 a6 11. Re1 Re8 12. e4 e5 13. Bh2 cxd4 14. cxd4 exd4 15. Nxd4 Nc5 16. Bc2 Bf8 17. b4 Ncxe4 18. Nxe4 Bxe4 19. Nf5 d5 20. Bxe4 Rxe4 21.
Rxe4 dxe4 22. Qxd8 Rxd8 23. Bc7 Rd7 24. Bxb6 Bxb4 25. Rb1 Bf8 26. Be3 g6 27. Nd4 Nd5 28.
Nc6 Nxe3 29. fxe3 Bc5 30. Rb8+ Kg7 31. Rb3 Rd3 32. Rb7 Bxe3+ 33. Kh2 Bf4+ 34. Kg1 Bg3 35. Kf1 Rd2 36. Rb6 e3 37. Nd8 e2+ 0-1

[Event "Early-Titled-Tuesday-Blitz-March-05-2024"]
[Site "Chess.com"]
[Date "2024.03.05"]
[Round "8"]
[White "UnTucopalaTimba"]
[Black "GAusal"]
[Result "0-1"]
[WhiteElo "1995"]
[BlackElo "2282"]
[TimeControl "180+1"]
[EndTime "9:28:23 PST"]
[Termination "GAusal won by resignation"]

1. e4 c5 2. Nf3 e6 3. c3 Nc6 4. d4 d5 5. exd5 exd5 6. Bb5 Nf6 7.
O-O Be7 8. dxc5 Bxc5 9. Re1+ Be6 10. Nd4 O-O 11. Nxe6 fxe6 12. Rxe6 Ne4 13. Be3 Nxf2 14. Qe1 Bxe3 15. Qxe3 Ng4 16. Qe1 Qb6+ 17. Kh1 Nf2+ 18.
Kg1 Ne4+ 19. Kh1 Qxb5 20. Na3 Qxb2 21. c4 Qxa3 22. cxd5 Nf2+ 23. Kg1 Nd4 24. Re3 Qc5 25. Rc3 Ne2+ 0-1

[Event "Early-Titled-Tuesday-Blitz-March-05-2024"]
[Site "Chess.com"]
[Date "2024.03.05"]
[Round "8"]
[White "HajiyevKanan"]
[Black "GMSrinath"]
[Result "0-1"]
[WhiteElo "2516"]
[BlackElo "2801"]
[TimeControl "180+1"]
[EndTime "9:28:28 PST"]
[Termination "GMSrinath won by resignation"]

1. d4 Nf6 2. Nf3 d5 3. c4 e6 4. cxd5 exd5 5. Nc3 c6 6. Qc2 Bd6 7. Bg5 h6 8. Bxf6 gxf6 9. e3 Qe7 10. Bd3 Be6 11.
O-O-O Nd7 12. Kb1 Nb6 13. Rhe1 O-O-O 14. e4 dxe4 15. Nxe4 Kb8 16. Nc5 Bxc5 17. dxc5 Nd7 18. Rc1 Nxc5 19. Bc4 Nd7 20. Nd4 Ne5 21. Bxe6 Rxd4 22.
Bf5 Rhd8 23. Re2 Qb4 24. a3 Qb5 25. g3 Nc4 26. Qc3 Qxf5+ 0-1

[Event "Early-Titled-Tuesday-Blitz-March-05-2024"]
[Site "Chess.com"]
[Date "2024.03.05"]
[Round "8"]
[White "db-banana"]
[Black "rhungaski"]
[Result "0-1"]
[WhiteElo "2477"]
[BlackElo "2598"]
[TimeControl "180+1"]
[EndTime "9:28:28 PST"]
[Termination "rhungaski won by resignation"]

1. e4 e6 2. d4 d5 3. exd5 exd5 4. Bd3 h6 5. Qf3 Nf6 6. h3 c5 7. c3 Nc6 8. Ne2 cxd4 9. Nxd4 Bc5 10. Nxc6 bxc6 11.
Be3 Bxe3 12. Qxe3+ Qe7 13. Qxe7+ Kxe7 14. Nd2 c5 15.
O-O-O Be6 16. Rhe1 g5 17. Bf5 Rab8 18. Bxe6 fxe6 19.
Nb3 Rhc8 20. Re2 Rb5 21. Kc2 Rc6 22. Rde1 Rcb6 23. Kb1 a5 24. Nc1 Ne4 25. a4 Nxc3+ 26. Ka1 Nxe2 27. axb5 Nd4 28. Nd3 Nc2+ 0-1

[Event "Early-Titled-Tuesday-Blitz-March-05-2024"]
[Site "Chess.com"]
[Date "2024.03.05"]
[Round "8"]
[White "levallem"]
[Black "Alenzer"]
[Result "1-0"]
[WhiteElo "2319"]
[BlackElo "2166"]
[TimeControl "180+1"]
[EndTime "9:28:28 PST"]
[Termination "levallem won by resignation"]

1. d4 e6 2. Nf3 c5 3. e3 Nf6 4. Bd3 Nc6 5. O-O Be7 6. b3 cxd4 7. exd4 O-O 8. Bb2 d5 9. Nbd2 Re8 10. Ne5 Bd6 11.
f4 a5 12. a3 a4 13. b4 g6 14.
Kh1 Nd7 15. Qg4 f5 16. Qg3 Bxe5 17. fxe5 Kh8 18. Rae1 b6 19. c4 Ne7 20. c5 bxc5 21. dxc5 Bb7 22. Nf3 Rb8 23. Nd4 Nf8 24. Bb5 Qc7 25.
Bxe8 Rxe8 26. Rc1 Nc6 27. b5 Nxd4 28. Bxd4 Bc8 29. c6 Qa5 30. Qc3 Qd8 31. b6 g5 32.
b7 Bxb7 33. cxb7 1-0

[Event "Early-Titled-Tuesday-Blitz-March-05-2024"]
[Site "Chess.com"]
[Date "2024.03.05"]
[Round "8"]
[White "kleopl"]
[Black "Veganator13"]
[Result "0-1"]
[WhiteElo "2497"]
[BlackElo "2344"]
[TimeControl "180+1"]
[EndTime "9:28:31 PST"]
[Termination "Veganator13 won by resignation"]

1. e4 g6 2. d4 Bg7 3. Nc3 d6 4. Be3 a6 5. Qd2 b5 6. O-O-O Nd7 7. Kb1 Bb7 8. f3 Ngf6 9. Bh6 Bxh6 10. Qxh6 e5 11.
dxe5 dxe5 12. Nxb5 axb5 13. Bxb5 c6 14. Bc4 Qe7 15. Ne2 Nb6 16. Bb3 c5 17. Nc3 c4 18.
Nb5 Rd8 19. Qe3 cxb3 20. Qxb6 bxc2+ 21. Kxc2 O-O 22. Kb1 Nxe4 23. fxe4 Bxe4+ 24. Ka1 Rb8 25. Qe3 Qb4 26. a4 Bxg2 27. Rhg1 Rxb5 28. axb5 Ra8+ 29. Kb1 Be4+ 30. Kc1 Rc8+ 0-1

[Event "Early-Titled-Tuesday-Blitz-March-05-2024"]
[Site "Chess.com"]
[Date "2024.03.05"]
[Round "8"]
[White "Sina_Movahed"]
[Black "Anton_Demchenko"]
[Result "1-0"]
[WhiteElo "3053"]
[BlackElo "2908"]
[TimeControl "180+1"]
[EndTime "9:28:32 PST"]
[Termination "Sina_Movahed won by resignation"]

1. Nf3 Nf6 2. c4 g6 3. b3 Bg7 4.
Bb2 O-O 5. g3 d6 6. Bg2 e5 7.
O-O Re8 8. d3 a5 9. Nbd2 Na6 10.
a3 Bd7 11. Bc3 Nc5 12. Qc2 c6 13. b4 axb4 14. axb4 Rxa1 15. Rxa1 Ne6 16. Bb2 Nh5 17. Ne4 Qe7 18. c5 dxc5 19. bxc5 Nd4 20. Nxd4 exd4 21. Ra7 Bf5 22. Qb3 Be6 23. Qb4 Nf6 24. Qxd4 Nh5 25.
Qb4 Bd5 26. Rxb7 Qe6 27. Bxg7 Nxg7 28. Qb2 Bxe4 29. Bxe4 Nf5 30. Rb6 Ne7 31. Qd4 Ra8 32. Kg2 h5 33. Qd6 Nd5 1-0

[Event "Early-Titled-Tuesday-Blitz-March-05-2024"]
[Site "Chess.com"]
[Date "2024.03.05"]
[Round "8"]
[White "ChempionBg"]
[Black "rdarruda"]
[Result "0-1"]
[WhiteElo "2387"]
[BlackElo "2519"]
[TimeControl "180+1"]
[EndTime "9:28:33 PST"]
[Termination "rdarruda won on time"]

1. d4 Nf6 2. c4 e5 3. dxe5 Ne4 4. Nf3 Nc6 5. Qc2 d5 6. exd6 Bf5 7. Qb3 Qxd6 8. Nbd2 Nc5 9. Qe3+ Be7 10. a3 O-O-O 11. b4 Na4 12. Qb3 Bf6 13. Qxa4 Bxa1 14. b5 Nd4 15. Qxa7 Nxf3+ 16. gxf3 Bc3 17. Bg2 Bxd2+ 0-1

[Event "Early-Titled-Tuesday-Blitz-March-05-2024"]
[Site "Chess.com"]
[Date "2024.03.05"]
[Round "8"]
[White "ClauSanLuis"]
[Black "Der_Balak_3Halak"]
[Result "1-0"]
[WhiteElo "2364"]
[BlackElo "2446"]
[TimeControl "180+1"]
[EndTime "9:28:40 PST"]
[Termination "ClauSanLuis won by checkmate"]

1. d4 d5 2. Bg5 h6 3. Bh4 Nd7 4. Nc3 Ngf6 5. e3 e6 6. Bd3 c5 7. Nf3 c4 8. Be2 Be7 9. Ne5 Nxe5 10. dxe5 Nd7 11. Bxe7 Qxe7 12. f4 Qc5 13. Qd2 b5 14. a3 a5 15. O-O Bb7 16. a4 b4 17. Nb5 O-O 18. Nd4 c3 19. bxc3 bxc3 20. Qe1 Nb8 21.
Rf3 Nc6 22. Rd1 Ba6 23. Rg3 Bxe2 24. Qxe2 Nxd4 25. exd4 Qc7 26. Rdd3 Rac8 27. Qg4 g6 28. f5 exf5 29. Qxf5 Kh7 30. Qf4 Qb6 31. Rh3 Qb1+ 32. Qf1 Qxc2 33. Rxh6+ Kxh6 34. Rh3+ Kg7 35. Qf6+ Kg8 36.
Rh8# 1-0

[Event "Early-Titled-Tuesday-Blitz-March-05-2024"]
[Site "Chess.com"]
[Date "2024.03.05"]
[Round "8"]
[White "Herman-NY"]
[Black "Chesstiger64"]
[Result "1/2-1/2"]
[WhiteElo "2526"]
[BlackElo "2378"]
[TimeControl "180+1"]
[EndTime "9:28:42 PST"]
[Termination "Game drawn by repetition"]

1. e4 e6 2. d4 d5 3. Nd2 c5 4. Ngf3 cxd4 5. exd5 Qxd5 6. Bc4 Qd8 7. O-O Qc7 8. Nxd4 a6 9. a4 Bd7 10. b3 Nc6 11.
Bb2 Nxd4 12. Bxd4 Bc6 13. a5 Nf6 14. Qe2 Bb4 15. Bb6 Qe7 16. Nf3 Bc5 17. Ne5 Rc8 18. Bxc5 Qxc5 19. Nxf7 Kxf7 20. Qxe6+ Kg6 21. Rae1 Qg5 22.
Bd3+ Kh6 23. Qh3+ Qh5 24. Qe3+ Qg5 25. Qh3+ Qh5 26. Qe3+ Qg5 27. Qh3+ 1/2-1/2

[Event "Early-Titled-Tuesday-Blitz-March-05-2024"]
[Site "Chess.com"]
[Date "2024.03.05"]
[Round "8"]
[White "ChessLebaneseSalah"]
[Black "alexrustemov"]
[Result "0-1"]
[WhiteElo "2574"]
[BlackElo "2812"]
[TimeControl "180+1"]
[EndTime "9:28:43 PST"]
[Termination "alexrustemov won by resignation"]

1. e4 e6 2. d4 d5 3. e5 Bd7 4. Nf3 a6 5. c4 Ne7 6. Nc3 dxc4 7. Bxc4 Bc6 8. Be3 Nd7 9. O-O Nb6 10. Bb3 Qd7 11.
Ng5 Nf5 12. d5 Nxd5 13. Nxd5 Bxd5 14. Bxd5 exd5 15. Re1 Be7 16. Nf3 O-O 17. Qd3 c5 18. Rac1 Rac8 19. Bf4 h6 20. Red1 Rfd8 21. h3 b5 22. Re1 c4 23. Qd2 d4 24. Re4 d3 25.
Rce1 Qe6 26. g4 Nh4 27. Nxh4 Bxh4 28. Kh2 b4 29. Rc1 Qd5 30. f3 c3 31. bxc3 bxc3 32. Rxc3 Rxc3 33. Qxc3 d2 0-1

[Event "Early-Titled-Tuesday-Blitz-March-05-2024"]
[Site "Chess.com"]
[Date "2024.03.05"]
[Round "8"]
[White "bulletteemo"]
[Black "esrosenberg"]
[Result "1-0"]
[WhiteElo "2600"]
[BlackElo "2459"]
[TimeControl "180+1"]
[EndTime "9:28:43 PST"]
[Termination "bulletteemo won by resignation"]

1. e4 e6 2. d4 d5 3. Nc3 Bb4 4. e5 c5 5. Bd2 Ne7 6. a3 Bxc3 7. Bxc3 cxd4 8. Qxd4 Nbc6 9. Qf4 Ng6 10. Qg3 Bd7 11. f4 Qb6 12. O-O-O Rc8 13. Nf3 Nce7 14.
Nd4 O-O 15. h4 Nf5 16. Nxf5 exf5 17. Rxd5 Be6 18. Rd6 Qc5 19. Bd3 h5 20. Rxe6 fxe6 21.
Qxg6 Qe3+ 22. Bd2 Qxd3 23. Qxe6+ Kh8 24. Bc3 Qe3+ 25. Kb1 Rxc3 26. bxc3 Qxf4 27. Rd1 Qxh4 28. Qd6 Rf7 29. Qg6 Rf8 30. e6 Qf6 31. Qxf6 1-0

[Event "Early-Titled-Tuesday-Blitz-March-05-2024"]
[Site "Chess.com"]
[Date "2024.03.05"]
[Round "8"]
[White "TheAlienParty"]
[Black "FMStan15"]
[Result "1-0"]
[WhiteElo "2392"]
[BlackElo "2099"]
[TimeControl "180+1"]
[EndTime "9:28:44 PST"]
[Termination "TheAlienParty won by resignation"]

1. c4 Nf6 2. Nf3 g6 3. b3 Bg7 4. Bb2 d6 5. g3 e5 6. Bg2 O-O 7. d3 Nh5 8. Qc2 Nc6 9. a3 f5 10. O-O Be6 11. Nc3 Nd4 12. Nxd4 exd4 13. Nd5 c6 14. Nf4 Nxf4 15. gxf4 Qh4 16. e3 dxe3 17. fxe3 Bxb2 18. Qxb2 Rae8 19. Qf2 Qxf2+ 20. Kxf2 Bd7 21. b4 Re7 22. Rfe1 b6 23. a4 Rc8 24. a5 Be6 25. axb6 axb6 26. Ra6 Rb7 27. b5 Bd7 28. Rb1 Kg7 29. Bf3 Kf6 30. bxc6 Bxc6 31. Rbxb6 Rxb6 32. Rxb6 Bxf3 33. Kxf3 Rd8 34. c5 Ke6 35. e4 fxe4+ 36. Kxe4 Rb8 37. Rxb8 1-0

[Event "Early-Titled-Tuesday-Blitz-March-05-2024"]
[Site "Chess.com"]
[Date "2024.03.05"]
[Round "8"]
[White "GelmanAlexander"]
[Black "chess_blitz00"]
[Result "1-0"]
[WhiteElo "2677"]
[BlackElo "2534"]
[TimeControl "180+1"]
[EndTime "9:28:47 PST"]
[Termination "GelmanAlexander won by checkmate"]

1. d4 d6 2. Nc3 e5 3. Nf3 Nc6 4. e4 Bg4 5. Bb5 Bxf3 6. gxf3 exd4 7. Qxd4 Qf6 8. Qa4 Ne7 9. Rg1 Qxf3 10. Bg5 f6 11.
Be3 a6 12. Nd5 O-O-O 13. Be2 Ne5 14. Bxf3 Nxf3+ 15. Ke2 Nxg1+ 16. Rxg1 Nc6 17. b4 Re8 18. b5 axb5 19. Qa8+ Nb8 20. Ba7 Kd7 21. Bxb8 Be7 22. Qxb7 Rxb8 23. Qxc7+ Ke6 24. Qxe7# 1-0

[Event "Early-Titled-Tuesday-Blitz-March-05-2024"]
[Site "Chess.com"]
[Date "2024.03.05"]
[Round "8"]
[White "Happy1712Drummer"]
[Black "viktorgen2021"]
[Result "0-1"]
[WhiteElo "2306"]
[BlackElo "2493"]
[TimeControl "180+1"]
[EndTime "9:28:48 PST"]
[Termination "viktorgen2021 won by checkmate"]

1. e4 g6 2. d4 Bg7 3. Nc3 d6 4. Nf3 Nf6 5. Be3 c6 6. Qd2 Nbd7 7. O-O-O O-O 8. a4 Qa5 9. h4 h5 10. Bd3 a6 11. Bg5 e5 12. dxe5 Nxe5 13. Nxe5 dxe5 14. Bh6 Be6 15. Bxg7 Kxg7 16. f4 exf4 17. Qxf4 b5 18. e5 Ng4 19. Be2 bxa4 20. Bxg4 Bxg4 21.
Qf6+ Kh7 22. Rd4 a3 23. Kb1 axb2 24. Na2 Rad8 25. Rxg4 Rd2 26. Rg3 Qd5 27. Rd3 Rxd3 28. cxd3 Qxd3+ 29. Kxb2 Rb8+ 30. Kc1 Rb1# 0-1

[Event "Early-Titled-Tuesday-Blitz-March-05-2024"]
[Site "Chess.com"]
[Date "2024.03.05"]
[Round "8"]
[White "ukchessbomber"]
[Black "LiamPutnam2008"]
[Result "0-1"]
[WhiteElo "2656"]
[BlackElo "2895"]
[TimeControl "180+1"]
[EndTime "9:28:54 PST"]
[Termination "LiamPutnam2008 won by resignation"]

1. c4 Nf6 2. b3 e5 3. Bb2 Nc6 4. e3 d5 5. cxd5 Nxd5 6. Nf3 Bd6 7. Be2 O-O 8. O-O Bg4 9. Nc3 Nxc3 10. Bxc3 e4 11. Nd4 Bxe2 12. Qxe2 Ne5 13. Nf5 Qg5 14. Nxd6 cxd6 15. Kh1 Rae8 16. f4 exf3 17. gxf3 Qh5 18.
Qg2 Re6 19. f4 Rg6 20. Qd5 Rh6 21. Qg2 Ng4 22. Kg1 Rg6 23. h3 Nf6 24. Bxf6 Rxg2+ 25. Kxg2 gxf6 26. Rf3 Kh8 27. Kf2 Rg8 28. Rc1 Qh4+ 29. Ke2 Rg2+ 30. Kd3 Qh5 0-1

[Event "Early-Titled-Tuesday-Blitz-March-05-2024"]
[Site "Chess.com"]
[Date "2024.03.05"]
[Round "8"]
[White "KononenkoD"]
[Black "MasterKroket"]
[Result "1-0"]
[WhiteElo "2614"]
[BlackElo "2488"]
[TimeControl "180+1"]
[EndTime "9:28:54 PST"]
[Termination "KononenkoD won by resignation"]

1. e4 e5 2. Nf3 Nc6 3. d4 exd4 4.
Nxd4 Bc5 5. Nxc6 Qf6 6. Qf3 Qxf3 7.
gxf3 dxc6 8. Bc4 Nf6 9. Be3 Bxe3 10. fxe3 Bh3 11. Rg1 g6 12. Nd2 Ke7 13. Nb3 Rhd8 14. Ke2 Nd7 15. f4 Be6 16. Bxe6 Kxe6 17. Rad1 a5 18.
a4 Rdb8 19. Rd2 b5 20. Nd4+ Kf6 21. Nxc6 Rb6 22. axb5 Nc5 23. e5+ Kg7 24. c4 a4 25.
Rd5 Nb7 26. f5 a3 27. f6+ Kh6 28. bxa3 Rxa3 29. Rd4 Ra2+ 30. Rd2 Rxd2+ 31. Kxd2 Nc5 32. Kc3 g5 33. Kd4 Ne6+ 34. Kd5 Kg6 35. Nd4 Rb8 36. Nxe6 fxe6+ 37. Kxe6 Re8+ 38. Kd5 Kf5 39. Rf1+ Kg6 40. f7 Rd8+ 41. Kc6 1-0

[Event "Early-Titled-Tuesday-Blitz-March-05-2024"]
[Site "Chess.com"]
[Date "2024.03.05"]
[Round "8"]
[White "DvaHrasta"]
[Black "xakevicius91"]
[Result "0-1"]
[WhiteElo "2453"]
[BlackElo "2575"]
[TimeControl "180+1"]
[EndTime "9:28:57 PST"]
[Termination "xakevicius91 won on time"]

1. c4 Nf6 2. g3 e6 3. Bg2 c5 4. Nf3 Be7 5. O-O O-O 6. Nc3 Nc6 7. e4 d6 8. d4 cxd4 9. Nxd4 Bd7 10. b3 Rc8 11.
Bb2 a6 12. Rc1 Nxd4 13. Qxd4 Qc7 14. Qd2 Rfd8 15. h3 Qb8 16. Kh2 b5 17. cxb5 axb5 18. f4 Bc6 19. Qe2 Qb7 20. b4 d5 21. exd5 Nxd5 22.
Nxd5 Bxd5 23. Rxc8 Rxc8 24. Rc1 Rxc1 25. Bxc1 Bxg2 26.
Qxg2 Qxg2+ 27. Kxg2 Bxb4 28. Kf3 Kf8 29. g4 Ke7 30. Ke4 f6 31. f5 Kd6 32. fxe6 Kxe6 33.
Bb2 Bd6 34. Bd4 g6 35. Be3 f5+ 36. gxf5+ gxf5+ 37. Kd4 f4 38. Bf2 Kf5 39. Kd5 Bf8 40. Kc6 b4 41. Kd5 h5 42. Be1 f3 43. Bg3 Bh6 44.
Be1 Be3 45. Kc4 f2 46. Bxf2 Bxf2 47. Kxb4 Kf4 48. Kc3 Kg3 49. Kd2 Kxh3 50. Ke2 Kg2 0-1